 Dungeon Crawl Stone Soup version 0.22-a0-161-g198051c (webtiles) character file.

158 tilp the Chiller (level 5, -2/38 HPs)
             Began as a Merfolk Ice Elementalist on Feb 11, 2018.
             Slain by an orc
             ... wielding a +0 dagger
              (4 damage)
             ... on level 3 of the Dungeon.
             The game lasted 00:05:04 (3038 turns).

tilp the Chiller (Merfolk Ice Elementalist)         Turns: 3038, Time: 00:05:05

Health: -2/38      AC:  4    Str:  9    XL:     5   Next: 40%
Magic:  0/8        EV: 13    Int: 15    God:
Gold:   119        SH:  0    Dex: 14    Spells: 2/8 levels left

rFire    . . .     SeeInvis .   i - +0 short sword
rCold    . . .     Gourm    .   (no shield)
rNeg     . . .     Faith    .   a - +0 robe
rPois    .         Spirit   .   j - +0 helmet
rElec    .         Reflect  .   (no cloak)
rCorr    .         Harm     .   (no gloves)
MR       .....                  k - +0 pair of boots
Stlth    ++........             (no amulet)
HPRegen  0.12/turn              (no ring)
MPRegen  0.11/turn              (no ring)

@: very slightly contaminated
A: change form in water, swift swim, stealthy swim
a: no special abilities


You were on level 3 of the Dungeon.
You were hungry.

You visited 1 branch of the dungeon, and saw 3 of its levels.

You collected 119 gold pieces.

Inventory:

Hand Weapons
 e - a +0 club
 i - a +0 short sword (weapon)
Missiles
 d - 94 stones (quivered)
 g - 14 sling bullets
Armour
 a - a +0 robe (worn)
 j - a +0 helmet (worn)
 k - a +0 pair of boots (worn)
Jewellery
 h - a +1 ring of protection {unknown}
Scrolls
 l - a scroll of teleportation {unknown}
 m - a scroll of amnesia {unknown}
 p - 2 scrolls of identify {unknown}
 r - a scroll of blinking {unknown}
Potions
 f - 2 potions of berserk rage {unknown}
 o - a potion of haste {unknown}
 q - a potion of flight {unknown}
Books
 b - a book of Frost

   Spells                             Type                      Level
   a - Freeze                         Ice                          1
   b - Throw Frost                    Conjuration/Ice              2
   c - Ozocubu's Armour               Charms/Ice                   3
   d - Throw Icicle                   Conjuration/Ice              4
   e - Summon Ice Beast               Ice/Summoning                4
Comestibles
 c - 3 rations
 n - 7 chunks of flesh


   Skills:
 + Level 2.2 Fighting
 - Level 2.6 Dodging
 - Level 2.1 Stealth
 - Level 2.0 Spellcasting
 - Level 0.7 Conjurations
 - Level 6.0 Ice Magic


You had 2 spell levels left.
You knew the following spells:

 Your Spells              Type           Power        Failure   Level  Hunger
a - Freeze                Ice            ###.         1%          1    #......
b - Throw Frost           Conj/Ice       ##....       9%          2    ###....
c - Ozocubu's Armour      Chrm/Ice       ##......     19%         3    ###....


Dungeon Overview and Level Annotations

Branches:
Dungeon (3/15)

Altars:


Message History

Aim: an orc priest, wielding a mace You freeze the orc priest.
The orc priest is severely wounded.
The orc priest hits you with a mace.
Casting: Freeze (safe; 1% risk of failure)
Confirm with . or Enter, or press ? or * to list all spells.
Aiming: Freeze (safe; 1% risk of failure)
Press: ? - help, Shift-Dir - straight line, f/p - orc priest
Aim: an orc priest, wielding a mace (severely wounded)
You freeze the orc priest.
The orc priest is almost dead.
You closely miss the orc priest.
The orc priest is almost dead.
The orc priest hits you with a mace!
* * * LOW HITPOINT WARNING * * *
You hit the orc priest.
You kill the orc priest!
Your Fighting skill increases to level 2!
The orc hits you with a dagger.
You die...

##### .#.## ...
#o####### #@)......
#.####### #.# #.#
##### #.# #.# #...
... #.###.### #.#
#.#.....# #.# #.
#.#.#.#.#.###.#####.
#...................
#.#.#.#.#.###.#####.


You could see an orc.

Vanquished Creatures
  An orc priest (D:3)
  Natasha (twice) (D:2)
  A gnoll (D:1)
  2 adders
  2 dart slugs
  2 leopard geckos
  2 orcs (D:3)
  10 bats
  2 giant cockroaches
  5 goblins
  5 hobgoblins
  3 frilled lizards (D:2)
  5 kobolds
  9 rats
51 creatures vanquished.

Notes
Turn   | Place    | Note
-------+----------+-------------------------------------------
     0 | D:1      | tilp the Merfolk Ice Elementalist began the quest for the Orb.
     0 | D:1      | Reached XP level 1. HP: 13/13 MP: 3/3
   150 | D:1      | Reached XP level 2. HP: 19/19 MP: 3/5
   159 | D:1      | Learned a level 2 spell: Throw Frost
   216 | D:1      | Reached skill level 4 in Ice Magic
   806 | D:1      | Reached XP level 3. HP: 23/24 MP: 3/6
   811 | D:1      | Learned a level 3 spell: Ozocubu's Armour
  1403 | D:2      | Reached skill level 5 in Ice Magic
  1488 | D:2      | Noticed Natasha
  1500 | D:2      | Killed Natasha
  1500 | D:2      | Reached XP level 4. HP: 2/30 MP: 0/7
  2302 | D:2      | Noticed Natasha
  2308 | D:2      | Killed Natasha
  2308 | D:2      | Reached skill level 6 in Ice Magic
  2942 | D:3      | Reached skill level 1 in Fighting
  2942 | D:3      | Reached XP level 5. HP: 37/37 MP: 4/8
  3038 | D:3      | Slain by an orc

Vault maps used:
D:1:      moated_graveyard_arrival
D:2:      st_stairs_14, mrwooster_statue_mirror, uniq_natasha
D:3:      chequers_ecumenical_altar_island, goddamned_bats

Skill      XL: |  1  2  3  4  5 |
---------------+----------------+-----
Ice Magic      | 4 5 6 |  6.0
Fighting       | 1 2 |  2.2
Dodging        | |  2.6
Stealth        | |  2.1
Spellcasting   | |  2.0
Conjurations   | |  0.7

Action                   |  1- 3 |  4- 6 || total
-------------------------+-------+-------++-------
Melee: Short sword       |    10 |    17 ||    27
 Cast: Freeze            |    42 |    26 ||    68
       Ozocubu's Armour  |     2 |     2 ||     4
       Throw Frost       |     1 |     3 ||     4
 Stab: Sleeping          |     1 |     3 ||     4
  Eat: Chunk             |     3 |     5 ||     8
Armor: Robe              |     5 |     8 ||    13
Dodge: Dodged            |    23 |    28 ||    51

Table legend:
 A = Spawn XP
 B = Non-spawn XP
 C = Spawn XP percentage of total XP
 D = Spawn monster count
 E = Non-spawn monster count
 F = Spawn count percentage of total count
 G = Total turns spent on level
                    A         B        C        D         E        F      G
               +---------+---------+-------+---------+---------+-------+---------
         Total |       0 |     227 |   0.0 |       0 |      51 |   0.0 |  3038
               +---------+---------+-------+---------+---------+-------+---------
           D:1 |       0 |      48 |   0.0 |       0 |      21 |   0.0 |  1387
           D:2 |       0 |     115 |   0.0 |       0 |      24 |   0.0 |  1546
           D:3 |       0 |      64 |   0.0 |       0 |       6 |   0.0 |   105
               +---------+---------+-------+---------+---------+-------+---------
